Map: Catalyst LE

Players

Seismic

  • Race: Terran Terran
  • League: Gold
  • Spawn Location: 5:00

A.I. 1 (Easy) - Winner!

  • Race: Terran Terran
  • Spawn Location: 11:00

VOD

Have the link to the VOD?

Description

Time

  • Played on: March 1, 2018, 8:55 p.m.
  • Length: 8:17
Show
View Real Time Build Order
Export as new Build Order

Seismic Terran 

Build Orders: Bio Tank 

Get SALT Encoding   

  12  0:01  SCV  
  13  0:13  SCV  
  14  0:17  Supply Depot  
  14  0:25  SCV  
  15  0:29  Refinery  
  15  0:39  SCV  
  16  0:46  Barracks  
  16  0:51  SCV  
  17  1:03  SCV  
  18  1:15  SCV  
  19  1:33  Barracks Reactor  
  19  1:35  Orbital Command  
  19  1:50  Command Center  
  19  2:01  SCV  
  20  2:09  Factory  
  20  2:18  Supply Depot  
  20  2:20  SCV  
  20  2:21  Marine  
  20  2:22  Marine  
  23  2:36  Refinery  
  23  2:40  SCV  
  24  2:50  Marine x2  
  26  2:52  SCV  
  26  2:55  Factory Tech Lab  
  26  2:56  Starport  
  27  3:04  SCV, Orbital Command  
  28  3:16  SCV, Siege Tank  
  32  3:28  SCV  
  33  3:34  Marine  
  33  3:35  Marine  
  33  3:40  SCV  
  36  3:41  SCV  
  36  3:43  Supply Depot  
  37  3:52  SCV, Marine x2  
  37  3:53  Siege Tank  
  43  3:56  SCV  
  44  4:04  SCV  
  44  4:08  SCV  
  46  4:10  Marine x2  
  46  4:14  Supply Depot  
  46  4:16  SCV  
  49  4:20  SCV  
  50  4:26  Siege Tank  
  50  4:28  Marine  
  54  4:35  Marine  
  54  4:36  SCV  
  54  4:37  Supply Depot  
  56  4:40  Barracks  
  56  4:46  Barracks, SCV  
  56  4:47  Refinery  
  56  4:48  SCV  
  56  4:50  Refinery  
  58  4:55  Marine x2  
  58  4:59  Siege Tank  
  63  5:03  Supply Depot  
  63  5:09  SCV  
  63  5:10  Supply Depot  
  63  5:11  Supply Depot  
  63  5:13  Marine x2  
  65  5:24  SCV x2  
  67  5:31  Marine x2  
  69  5:37  Barracks Tech Lab  
  69  5:38  Barracks Tech Lab  
  69  5:40  Siege Tank  
  72  5:43  Starport Reactor  
  72  5:45  SCV x2  
  74  5:53  Supply Depot  
  74  5:56  Supply Depot  
  74  6:01  Combat Shields, Stimpack  
  74  6:07  SCV x2  
  76  6:19  Barracks x2  
  76  6:21  Marine x2, Engineering Bay  
  76  6:23  Marine x2  
  76  6:24  Siege Tank  
  83  6:26  Medivac x2  
  83  6:31  Supply Depot  
  87  6:33  Supply Depot  
  87  6:39  Marine x2  
  88  6:41  Marine  
  88  6:42  Marine  
  91  6:50  SCV x2  
  93  6:56  Medivac x2, Siege Tank  
  100  7:03  Marine x2  
  100  7:04  Marine x2  
  104  7:09  Barracks Reactor x2  
  104  7:14  SCV x2  
  106  7:21  Marine x3  
  106  7:22  Marine, Supply Depot  
  110  7:24  Supply Depot  
  110  7:29  Siege Tank  
  65  7:37  Medivac  
  113  7:39  Medivac, Marine x3  
  113  7:40  Marine  
  121  7:45  Marine  
  121  7:46  Marine x2  
  121  7:47  Marine  
  125  7:56  Marine x2  
  125  7:57  Marine x2  
Show
View Real Time Build Order
Export as new Build Order

A.I. 1 (Easy) Terran - Winner!

Build Orders:  

Get SALT Encoding   

  12  0:00  SCV  
  13  0:13  SCV  
  14  0:19  Supply Depot  
  14  0:25  SCV  
  15  0:40  SCV  
  15  0:42  Barracks  
  16  0:46  Refinery  
  16  1:09  Supply Depot  
  16  1:20  Refinery  
  16  1:28  Orbital Command  
  16  1:29  Marine  
  17  1:47  Marine  
  18  1:54  SCV  
  19  2:06  SCV, Barracks Tech Lab  
  20  2:09  Supply Depot  
  20  2:19  SCV  
  21  2:24  Marine  
  22  2:31  SCV  
  23  2:42  Marauder  
  23  2:43  SCV  
  26  2:55  SCV  
  27  3:03  Marauder  
  29  5:13  SCV, Marine  
  31  5:15  Factory  
  31  5:17  Supply Depot  
  31  5:29  SCV  
  31  5:30  Marine  
  33  5:41  Supply Depot  
  33  5:42  SCV  
  34  5:48  Marine  
  32  6:00  Starport  
  28  6:07  Marauder  
  28  6:09  Command Center  
  30  6:28  Marauder  
  32  6:39  Starport Tech Lab  
  32  6:49  Marine  
  33  6:57  Raven  
  35  7:07  Marine  
  36  7:21  SCV  
  37  7:24  Marine  
  37  7:26  SCV  
  39  7:32  Refinery  
  39  7:34  Refinery, SCV  
  40  7:38  SCV  
  40  7:43  Marauder  
  45  7:46  SCV  
  45  7:50  SCV  
  47  7:58  SCV  
  48  8:03  SCV  
Tags
 
Composition
Bio Tank
League
Gold
Matchup
TvT
Race
Terran
Spawn Locations
Cross Positions
Add a new tag
Caveats
  • Supply blocks, unpowered buildings, or Contaminate may cause inaccurate times.
  • Supply counts are checked every 10 seconds.